 Dungeon Crawl Stone Soup version 0.32-a0-711-g016ad743e0 (webtiles) character file.

Game seed: 15062749040241074793

62 Ruich the Shooter (level 3, -6/30 HPs)
             Began as a Demigod Hunter on Mar 16, 2024.
             Killed from afar by Sigmund (8 damage)
             ... with a magic dart
             ... on level 2 of the Dungeon.
             The game lasted 00:02:20 (1495 turns).

Ruich the Shooter (Demigod Hunter)                  Turns: 1495, Time: 00:02:21

Health: -6/30      AC:  5    Str: 12    XL:     3   Next: 60%
Magic:  5/5        EV: 11    Int: 11    God:
Gold:   74         SH:  5    Dex: 21    Spells: 2/2 levels left

rFire   . . .        a - +0 shortbow
rCold   . . .        (shield currently unavailable)
rNeg    . . .        c - +0 leather armour
rPois   .            (no helmet)
rElec   .            m - +1 cloak
rCorr   .            (no gloves)
SInv    .            (no boots)
Will    +....        g - amulet of reflection
Stlth   ++           h - ring of willpower
HPRegen 0.25/turn    (no ring)
MPRegen 0.09/turn

%: reflection
@: no status effects
A: high MP 1, forlorn, divine attributes
a: no special abilities


You were on level 2 of the Dungeon.
You visited 1 branch of the dungeon, and saw 2 of its levels.

You collected 74 gold pieces.


Innate Abilities, Weirdness & Mutations

You have an increased reservoir of magic. (+10% MP)
You shall have no god before yourself.
Your divine heritage dramatically boosts your attributes as you level up.


   Skills:
 + Level 2.4 Fighting
 * Level 4.4 Ranged Weapons
 - Level 1.7 Dodging
 + Level 1.9 Stealth


You had 2 spell levels left.
You didn't know any spells.
Your spell library contained the following spells:

 Spells                   Type           Power      Damage    Failure   Level
 Sandblast                Erth           0%         2d4       41%         1
 Sublimation of Blood     Necr           0%         N/A       56%         2
 Stone Arrow              Conj/Erth      0%         3d7       80%         3
 Brom's Barrelling Bould  Conj/Erth      0%         2d3       99%         4
 Petrify                  Alch/Erth      0%         N/A       99%         4
 Irradiate                Conj/Alch      0%         3d11      100%        5

Inventory:

Hand Weapons
 a - a +0 shortbow (weapon)
Armour
 c - a +0 leather armour (worn)
 m - a +1 cloak (worn)
Jewellery
 g - an amulet of reflection (around neck)
 h - a ring of willpower (left hand)
Scrolls
 b - a scroll of butterflies
 d - 5 scrolls of identify {unknown}
 e - 3 scrolls of immolation {unknown}
 j - a scroll of fog {unknown}
 l - 2 scrolls of revelation {unknown}
 o - a scroll of enchant armour {unknown}
Potions
 f - 2 potions of heal wounds {unknown}
 i - 2 potions of enlightenment {unknown}
 k - a potion of curing {unknown}
 n - a potion of invisibility {unknown}

Dungeon Overview and Level Annotations

Branches:
Dungeon (2/15) Zot: 10474

Annotations:
D:2 Sigmund

#.....#.###### #.##..# #.
##.##.#.###### #.###.## #.
#............# #.# #..# #.
#.......{....# #.# #..# #.
#............####.# #..######.
#.................# #..#......
#............###### #.........
#..............######.##......
#.......#####@..).....##......
####.......#####..#########......
..................# #.........
.....###########..# #.....###.
.....# #####..### #......##.
.....# #......>.####......##.
.....# #............<.....###
.....# #........#####.....#
###### #........# #.....#


There were no monsters in sight!


Message History

Sigmund is heavily wounded.
Sigmund points at you and mumbles some strange words.
The puff of flame misses you.
Sigmund zaps a wand.
Fire: a) +0 shortbow
Press: ? - help, Q - select action Shift-Dir - straight line, f/p - Sigmund
Aim: Sigmund, wielding a +0 scythe, wearing a +0 robe and carrying a wand of flame (heavily wounded, 62% to hit)
You shoot an arrow. Sigmund barely misses you.
Fire: a) +0 shortbow
Press: ? - help, Q - select action Shift-Dir - straight line, f/p - Sigmund
Aim: Sigmund, wielding a +0 scythe, wearing a +0 robe and carrying a wand of flame (heavily wounded, 62% to hit)
You shoot an arrow.
Sigmund hits you from afar with a +0 scythe!
* * * LOW HITPOINT WARNING * * *
Fire: a) +0 shortbow
Press: ? - help, Q - select action Shift-Dir - straight line, f/p - Sigmund
Aim: Sigmund, wielding a +0 scythe, wearing a +0 robe and carrying a wand of flame (heavily wounded, 62% to hit)
You shoot an arrow.
Sigmund is almost dead.
Sigmund mumbles some strange words.
Sigmund flickers and vanishes!
Deactivating autopickup; reactivate with Ctrl-A.
A puff of flame appears from out of thin air!
* * * LOW HITPOINT WARNING * * *
Unknown command.
A magic dart appears from out of thin air!
* * * LOW HITPOINT WARNING * * *
Unknown command.
A magic dart appears from out of thin air!
You die...

Skill      XL: |  1  2 |
---------------+-------+-----
Stealth        | 1 |  1.9
Fighting       | 2 |  2.4
Ranged Weapons | 4 |  4.4
Dodging        | |  1.7

Action                     || total
---------------------------++-------
   Fire: Shortbow          ||   107
 Armour: Leather armour    ||    27
  Dodge: Dodged            ||    22
  Block: Other             ||     6
         Reflection        ||     1

Levels and vault maps discovered:
D:1:      heliophobic_arrival_battle_scene, layout_basic,
          chequers_decorated_corner, serial_bayou_pond_d
D:2:      layout_basic, uniq_sigmund

Notes
Turn   | Place    | Note
-------+----------+-------------------------------------------
     0 | D:1      | Ruich the Demigod Hunter began the quest for the Orb.
     0 | D:1      | Reached XP level 1. HP: 17/17 MP: 3/3
   128 | D:1      | Reached skill level 1 in Stealth
   160 | D:1      | Reached skill level 2 in Fighting
   181 | D:1      | Reached XP level 2. HP: 24/24 MP: 4/4
   465 | D:1      | Reached skill level 4 in Ranged Weapons
   677 | D:1      | Reached XP level 3. HP: 22/29 MP: 5/5
  1332 | D:2      | Noticed Sigmund
  1492 | D:2      | HP: 2/30 [something/magic dart (4)]
  1495 | D:2      | Killed from afar by Sigmund

Vanquished Creatures
  3 adders
  2 dart slugs (D:1)
  4 endoplasms (D:1)
  A giant cockroach (D:2)
  3 goblins
  3 hobgoblins
  3 ball pythons
  4 bats
  3 frilled lizards
  3 kobolds
  4 rats (D:1)
33 creatures vanquished.

Table legend: (Time is in decaauts)
 A = Elapsed time spent in this place.
 B = Non-inter-level travel time spent in this place.
 C = Inter-level travel time spent in this place.
 D = Time resting spent in this place.
 E = Time spent auto-exploring this place.
 F = Levels seen in this place.
 G = Mean time per level.
                   A        B        C        D        E       F      G
               +--------+--------+--------+--------+--------+-----+--------+
         Total |   1524 |   1451 |     73 |    368 |    806 |   2 |  762.0 |
       Dungeon |   1524 |   1451 |     73 |    368 |    806 |   2 |  762.0 |
               +--------+--------+--------+--------+--------+-----+--------+

Top non-repeatable levels by time:
     D:1: 1114 daAuts
     D:2: 410 daAuts

Table legend:
 A = Non-vault XP
 B = Vault XP
 C = Vault XP percentage of total XP
 D = Non-vault monster count
 E = Vault monster count
 F = Vault count percentage of total count
                 A         B        C        D         E       F
            +---------+---------+-------+---------+---------+-------
      Total |      89 |       0 |   0.0 |      33 |       0 |   0.0
            +---------+---------+-------+---------+---------+-------
        D:1 |      49 |       0 |   0.0 |      23 |       0 |   0.0
        D:2 |      40 |       0 |   0.0 |      10 |       0 |   0.0
            +---------+---------+-------+---------+---------+-------
